Map: Ruins of Seras

Players

Destiny - Winner!

  • Race: Zerg Zerg
  • League: Grandmaster

HuK

  • Race: Protoss Protoss
  • League: Grandmaster

Event: Root's WW3

VOD

https://youtu.be/ROuNMX-xH7A?t=62

Description

Time

  • Played on: Dec. 11, 2015, 6:33 a.m.
  • Length: 11:58

All games in this series

Show
View Real Time Build Order
Export as new Build Order

Destiny Zerg - Winner!

Build Orders: Pool First 

Get SALT Encoding   

  12  0:01  Drone  
  13  0:08  Drone  
  14  0:15  Extractor  
  14  0:16  Drone  
  14  0:33  Spawning Pool  
  13  0:36  Drone  
  14  0:44  Drone, Extractor  
  15  0:54  Overlord  
  15  1:19  Queen  
  15  1:20  Metabolic Boost  
  15  1:21  Zergling x2  
  15  1:23  Zergling x2  
  19  1:26  Zergling x2  
  19  1:32  Zergling x2  
  21  1:42  Overlord  
  21  1:53  Zergling x2  
  22  2:30  Zergling x12  
  28  2:41  Hatchery, Overlord  
  27  2:46  Queen  
  29  2:55  Drone  
  30  3:01  Drone x3  
  33  3:08  Drone  
  27  3:33  Drone x2  
  27  3:37  Queen  
  27  3:39  Extractor  
  27  3:41  Drone  
  29  3:42  Drone x3  
  32  3:51  Drone  
  32  3:53  Drone  
  32  3:55  Roach Warren  
  33  4:06  Zergling x4  
  35  4:11  Drone x2  
  35  4:14  Zergling x2  
  38  4:19  Zergling x2  
  38  4:20  Zergling x2  
  40  4:26  Overlord  
  40  4:27  Drone  
  41  4:35  Drone  
  41  4:36  Drone  
  44  4:38  Drone  
  44  4:41  Overlord  
  44  4:44  Drone x2  
  44  4:45  Overlord  
  46  4:50  Drone x2  
  48  4:53  Drone  
  49  5:04  Lair  
  49  5:05  Drone x2  
  51  5:15  Drone x2  
  51  5:16  Drone x2  
  51  5:18  Drone x2  
  51  5:20  Extractor  
  56  5:21  Extractor  
  54  5:33  Drone x4  
  57  5:42  Roach x3, Zergling x2  
  62  5:43  Zergling x2  
  62  5:48  Roach, Zergling x4  
  66  5:55  Roach  
  67  5:57  Spore Crawler  
  67  6:01  Overseer  
  67  6:02  Overseer  
  66  6:05  Ravager x2  
  66  6:08  Overlord x2  
  68  6:18  Overlord  
  68  6:26  Queen x2  
  68  6:27  Overlord, Nydus Network  
  68  6:29  Roach x2, Zergling x2  
  68  6:31  Ravager x3  
  79  6:42  Overseer  
  79  6:44  Roach, Zergling x2  
  79  6:45  Roach x2, Zergling x2  
  86  6:51  Roach x2, Zergling x2  
  91  6:59  Roach x2, Zergling x2  
  96  7:04  Nydus Canal  
  96  7:07  Ravager x2, Zergling x2  
  96  7:08  Overlord  
  99  7:18  Overseer  
  99  7:25  Overlord  
  99  7:32  Roach x3, Zergling x6  
  99  7:33  Overlord  
  106  7:39  Zergling x4  
  106  7:42  Roach x2  
  108  7:47  Ravager  
  108  7:48  Ravager  
  105  7:51  Queen, Roach, Zergling x2  
  105  7:54  Overlord  
  108  8:06  Roach x2  
  108  8:10  Roach  
  114  8:15  Overlord  
  114  8:23  Overlord  
  114  8:26  Overlord  
  114  8:27  Queen  
  116  8:36  Overlord  
  116  8:38  Roach  
  115  8:42  Hatchery  
  115  8:44  Glial Reconstitution  
  111  8:56  Roach x2, Zergling x2  
  115  9:13  Nydus Canal  
  115  9:15  Roach, Zergling x2  
  115  9:16  Roach x2, Zergling x2  
  120  9:26  Roach, Zergling x2  
  120  9:30  Ravager x2  
  125  9:32  Overlord, Ravager x2  
  125  9:33  Roach  
  124  9:47  Roach x2  
  124  9:59  Roach, Zergling x2  
  119  10:04  Ravager x3  
  118  10:09  Roach, Zergling x2  
  118  10:11  Queen  
  118  10:12  Queen x2  
  118  10:13  Drone x2  
  129  10:14  Drone  
  129  10:15  Drone  
  129  10:16  Drone  
  132  10:25  Ravager  
  132  10:26  Drone, Ravager x4  
  132  10:27  Drone  
  136  10:45  Roach x2, Zergling x4  
  136  10:47  Queen  
  141  10:54  Ravager x4  
  141  10:55  Drone x3  
  139  11:13  Roach x2, Zergling x2  
  139  11:14  Roach x2, Zergling x2  
  144  11:22  Roach x2, Zergling x2  
  149  11:32  Evolution Chamber  
  148  11:33  Evolution Chamber, Spire, Infestation Pit  
  149  11:40  Zergling x4  
Show
View Real Time Build Order
Export as new Build Order

HuK Protoss 

Build Orders: Nexus First 

Get SALT Encoding   

  12  0:01  Probe (Chrono Boost)  
  13  0:11  Probe (Chrono Boost)  
  14  0:19  Pylon  
  14  0:22  Probe (Chrono Boost)  
  15  0:38  Probe (Chrono Boost)  
  16  0:48  Probe (Chrono Boost)  
  17  0:59  Nexus  
  17  1:09  Gateway  
  17  1:12  Probe (Chrono Boost)  
  18  1:19  Assimilator  
  18  1:23  Probe (Chrono Boost)  
  19  1:26  Assimilator  
  19  1:34  Probe (Chrono Boost)  
  19  1:39  Gateway  
  20  1:44  Probe (Chrono Boost)  
  21  1:55  Probe (Chrono Boost)  
  21  1:57  Cybernetics Core  
  22  2:05  Probe (Chrono Boost)  
  23  2:13  Zealot (Chrono Boost)  
  23  2:14  Probe (Chrono Boost)  
  26  2:20  Probe (Chrono Boost)  
  27  2:33  Pylon  
  27  2:39  Adept x2 (Chrono Boost)  
  27  2:43  Mothership Core  
  33  2:46  Warp Gate (Chrono Boost)  
  33  2:56  Pylon  
  32  3:03  Adept (Chrono Boost)  
  32  3:04  Adept (Chrono Boost)  
  36  3:33  Pylon  
  32  3:35  Pylon  
  32  3:41  Twilight Council  
  32  3:51  Probe  
  32  3:52  Nexus  
  33  4:01  Gateway  
  34  4:10  Pylon  
  34  4:11  Probe  
  33  4:23  Dark Shrine  
  33  4:31  Resonating Glaives (Chrono Boost)  
  33  4:40  Adept  
  33  4:41  Adept  
  33  4:54  Probe  
  33  4:56  Pylon  
  33  4:59  Pylon  
  34  5:03  Sentry  
  34  5:06  Probe  
  37  5:07  Probe  
  38  5:18  Probe  
  38  5:19  Robotics Facility  
  39  5:21  Gateway  
  37  5:38  Dark Templar x2  
  37  5:41  Probe  
  37  5:42  Probe  
  42  5:51  Probe  
  42  5:54  Probe  
  44  6:02  Probe  
  45  6:04  Gateway  
  45  6:06  Probe  
  45  6:10  Warp Prism  
  48  6:16  Probe (Chrono Boost)  
  49  6:18  Probe (Chrono Boost)  
  50  6:27  Probe (Chrono Boost)  
  50  6:31  Probe (Chrono Boost)  
  52  6:35  Assimilator x2  
  52  6:45  Probe (Chrono Boost)  
  52  6:46  Nexus  
  53  6:57  Probe x2 (Chrono Boost)  
  53  6:58  Observer  
  53  6:59  Pylon x2  
  56  7:07  Probe (Chrono Boost)  
  57  7:11  Probe (Chrono Boost)  
  58  7:21  Stalker x2  
  62  7:22  Adept  
  58  7:52  Probe  
  58  7:53  Immortal (Chrono Boost)  
  61  7:59  Stalker x2  
  65  8:10  Pylon  
  65  8:11  Pylon x3  
  61  8:15  Pylon  
  55  8:32  Pylon  
  55  8:33  Pylon  
  57  8:36  Cybernetics Core  
  57  8:40  Immortal  
  57  8:49  Zealot  
  57  8:50  Zealot  
  57  8:54  Probe  
  62  9:05  Probe  
  63  9:13  Sentry x2  
  63  9:15  Probe  
  68  9:28  Probe  
  68  9:29  Probe, Immortal  
  74  9:40  Probe  
  71  9:51  Adept x2  
  68  9:53  Adept x2  
  54  10:15  Stalker, Gateway  
  54  10:16  Stalker, Gateway  
  52  10:45  Pylon x2  
  52  10:48  Pylon  
  52  10:51  Pylon  
  52  11:01  Pylon  
  47  11:14  Stalker  
  45  11:20  Stalker x2  
  49  11:28  Robotics Facility  
  45  11:52  Stalker x2  
Tags
 
Add a new tag
Caveats
  • Supply blocks, unpowered buildings, or Contaminate may cause inaccurate times.
  • Supply counts are checked every 10 seconds.